AoeStats
← Yorshka

Arabia

508011904Analyzed
1v1 RM · 12d ago on Sep 20, 2026· 36m 16s· 2 players
Game mode
Random Map
Map size
Tiny (2 player)
Population
200
Speed
Normal
Resources
Standard
Victory
Conquest
Starting age
Dark Age
Ending age
Imperial Age
RankedLock teamsTeams togetherTeam positionsShared explorationLock speedFull tech treeHidden civsTurbo modeCheats
Victory
Defeat
🇨🇳 Georgians · China
1980
+10
🇦🇷 Berbers · Argentina
1853
-10
★ DrumM ❿
6:34 Loom
9:16 Feudal Age
12:45 Double-Bit Axe
12:40 Horse Collar
15:55 Fletching
19:43 Wheelbarrow
22:15 Castle Age
20:49 Gold Mining
21:42 Scale Barding Armor
23:16 Bow Saw
23:12 Crossbowman
25:10 Bodkin Arrow
27:00 Padded Archer Armor
28:13 Leather Archer Armor
30:19 Chain Barding Armor
31:04 Bloodlines
32:04 Husbandry
33:17 Forging
Yorshka
6:37 Loom
8:57 Feudal Age
10:00 Double-Bit Axe
16:09 Fletching
21:14 Castle Age
19:28 Gold Mining
19:28 Horse Collar
20:21 Bloodlines
20:31 Padded Archer Armor
20:59 Town Watch
21:52 Bodkin Arrow
22:23 Husbandry
24:33 Bow Saw
28:01 Wheelbarrow
29:11 Leather Archer Armor
29:20 Hand Cart
30:37 Scale Barding Armor
31:46 Chain Barding Armor
30:57 Light Cavalry
35:40 Imperial Age
33:53 Chain Barding Armor
34:49 Heavy Plow
36:14 Forging
36:30 Bracer
Connection lost

Rejoining the realm…

Still unreachable

The connection could not be restored.

Session expired

The server has moved on; the page needs a fresh start.